 Dungeon Crawl Stone Soup version 0.25.1-2-g60ff931df9 (webtiles) character file.

Game seed: 16047175016200362000

182 DogServant the Firebug (level 5, 0/29 HPs)
             Began as a Tengu Fire Elementalist on Oct 18, 2020.
             Slain by a gnoll
             ... wielding a +0 spear
              (2 damage)
             ... on level 4 of the Dungeon.
             The game lasted 00:06:58 (4121 turns).

DogServant the Firebug (Tengu Fire Elementalist)    Turns: 4121, Time: 00:06:59

Health: 0/29       AC:  2    Str:  8    XL:     5   Next: 62%
Magic:  6/9        EV: 13    Int: 16    God:
Gold:   136        SH:  0    Dex: 15    Spells: 4/8 levels left

rFire    . . .     SeeInvis .   o - +0 dagger (curse)
rCold    . . .     Gourm    .   (no shield)
rNeg     . . .     Faith    .   a - +0 robe
rPois    .         Spirit   .   (helmet restricted)
rElec    .         Reflect  .   (no cloak)
rCorr    .         Harm     .   (no gloves)
MR       .....                  (boots unavailable)
Stlth    ++........             d - amulet of magic regeneration
HPRegen  0.09/turn              (no ring)
MPRegen  0.36/turn              (no ring)

@: about to teleport, very slightly contaminated
A: beak, horns 1, talons 3, mutation resistance 1, able to fly
a: Fly


You were on level 4 of the Dungeon.
You were not hungry.

You visited 1 branch of the dungeon, and saw 4 of its levels.

You collected 136 gold pieces.

Inventory:

Hand Weapons
 o - a cursed +0 dagger (weapon)
 r - a +2 short sword of venom
Armour
 a - a +0 robe (worn)
Jewellery
 d - an amulet of magic regeneration (around neck)
 f - an uncursed ring of protection from cold
 l - a cursed amulet of inaccuracy {unknown}
Scrolls
 g - a scroll of magic mapping
 i - a scroll of fog
 m - 2 scrolls of enchant weapon
Potions
 b - a potion of berserk rage
 j - a potion of mutation
 k - 2 potions of magic
 n - a potion of degeneration {unknown}
 q - a potion of flight {unknown}
Comestibles
 c - 3 rations
 h - 5 chunks of flesh


   Skills:
 - Level 1.3 Fighting
 - Level 2.3 Dodging
 - Level 2.1 Stealth
 - Level 2.1 Spellcasting
 - Level 3.5 Conjurations
 + Level 1.1 Hexes
 + Level 5.0 Fire Magic


You had 4 spell levels left.
You knew the following spells:

 Your Spells              Type           Power        Failure   Level  Hunger
a - Foxfire               Conj/Fire      ###.         3%          1    #......
b - Inner Flame           Hex/Fire       ##......     17%         3    ###....

Your spell library contained the following spells:

 Spells                   Type           Power        Failure   Level  Hunger
 Conjure Flame            Conj/Fire      ###.....     11%         3    ###....
 Sticky Flame             Conj/Fire      ###.....     34%         4    #####..
 Fireball                 Conj/Fire      ###.......   67%         5    ######.


Dungeon Overview and Level Annotations

Branches:
Dungeon (4/15)
 Temple: D:4-7

Altars:
Sif Muna
The Shining One

Annotations:
D:4 3 runed translucent doors, Eustachio


Innate Abilities, Weirdness & Mutations

You have a beak for a mouth.
You have claws for feet.
You can fly continuously.
You have a pair of small horns on your head.
You are somewhat resistant to further mutation.


Message History

Confirm with . or Enter, or press ? or * to list all spells.
You conjure some foxfire!
The jackal barks!
You hear a bark!
Your foxfire dissipates!
The foxfire hits the gnoll.
The gnoll is lightly wounded.
Casting: Foxfire (safe; 3% risk of failure)
Confirm with . or Enter, or press ? or * to list all spells.
You conjure some foxfire!
The gnoll hits you from afar with a +0 spear.
* * * LOW HITPOINT WARNING * * *
The foxfire hits the gnoll but does no damage.
The foxfire hits the gnoll.
The gnoll is lightly wounded.
A jackal comes into view.
Okay, then.
As you read the scroll of teleportation, it crumbles to dust.
You feel strangely unstable.
The gnoll hits you from afar with a +0 spear.
You die...

#. #..## #. #...##
#. #....
#.#+#########....#
#..........##..#.#
#$.........##..#.#
#........g.##..#.##
#......@.g.)h..#..#
##
#.......§h.###.#..#
... #.##########
#.#..###..# #@
######.#.......# #.
#........#..#...#
+. #........+..#.#
+ #.
#........##...# #.
###########...#
#...# #


You could see 2 gnolls and 2 jackals.

Vanquished Creatures
  A worker ant (D:2)
  3 adders
  5 gnolls
  An ooze (D:3)
  2 worms
  4 leopard geckos
  3 orcs (D:3)
  4 giant cockroaches
  6 goblins
  6 hobgoblins
  3 jackals (D:4)
  10 kobolds
  3 quokkas
  A ball python (D:1)
  7 bats
  4 frilled lizards
  5 rats
68 creatures vanquished.

Vanquished Creatures (others)
  230 foxfires
230 creatures vanquished.

Grand Total: 298 creatures vanquished

Notes
Turn   | Place    | Note
-------+----------+-------------------------------------------
     0 | D:1      | DogServant the Tengu Fire Elementalist began the quest for
                  | the Orb.
     0 | D:1      | Reached XP level 1. HP: 10/10 MP: 4/4
   186 | D:1      | Reached XP level 2. HP: 15/15 MP: 3/6
  1101 | D:2      | Reached XP level 3. HP: 20/20 MP: 5/7
  1258 | D:2      | Reached skill level 1 in Fighting
  1258 | D:2      | Reached skill level 4 in Fire Magic
  1619 | D:2      | Reached XP level 4. HP: 14/25 MP: 3/8
  1862 | D:2      | Found a glowing golden altar of the Shining One.
  1901 | D:2      | Gained mutation: You have a pair of small horns on your
                  | head. [potion of mutation]
  1901 | D:2      | Gained mutation: You are somewhat resistant to further
                  | mutation. [potion of mutation]
  2097 | D:2      | Found a shimmering blue altar of Sif Muna.
  2960 | D:3      | Learned a level 3 spell: Inner Flame
  3281 | D:3      | Gained mutation: You can fly continuously. [Tengu growth]
  3281 | D:3      | Reached XP level 5. HP: 27/29 MP: 1/9
  4032 | D:4      | Found a runed translucent gate.
  4032 | D:4      | Found a runed translucent gate.
  4032 | D:4      | Found a runed translucent gate.
  4091 | D:4      | Noticed Eustachio
  4108 | D:4      | Reached skill level 1 in Hexes
  4108 | D:4      | Reached skill level 5 in Fire Magic
  4119 | D:4      | HP: 1/29 [gnoll/+0 spear (5)]
  4121 | D:4      | Slain by a gnoll

Illustrated notes

Levels and vault maps discovered:
D:1:      dpeg_arrival_pits, layout_basic
D:2:      layout_basic, lemuel_coloured_pillars_altar, tso_oasis_becter
D:3:      layout_basic, first_ration
D:4:      layout_basic, okawaru_altar_gauntlet_db,
          minmay_temple_entry_glassed_door, gammafunk_ghost_icy, uniq_sigmund,
          uniq_eustachio

Skill      XL: |  1  2  3  4  5 |
---------------+----------------+-----
Conjurations   | 2 3 |  3.5
Fighting       | 1 |  1.3
Fire Magic     | 4 5 |  5.0
Hexes          | 1 |  1.1
Dodging        | |  2.3
Stealth        | |  2.1
Spellcasting   | |  2.1

Action                   |  1- 3 |  4- 6 || total
-------------------------+-------+-------++-------
Melee: Dagger            |       |    22 ||    22
       Peck              |       |     4 ||     4
       Kick              |       |     5 ||     5
       Headbutt          |       |     5 ||     5
       Unarmed           |       |     1 ||     1
 Cast: Foxfire           |    54 |   107 ||   161
       Inner Flame       |       |     2 ||     2
  Use: Scroll            |       |    14 ||    14
       Potion            |       |     2 ||     2
  Eat: Chunk             |     2 |     4 ||     6
       Ration            |       |     2 ||     2
Armor: Robe              |     1 |     7 ||     8
Dodge: Dodged            |     5 |    50 ||    55
